 Dungeon Crawl Stone Soup version 0.21.1-1-g345015f (webtiles) character file.

119 Mirai the Skirmisher (level 4, -4/36 HPs)
             Began as a Demonspawn Fighter on Mar 10, 2018.
             Slain by Scuka's ghost (6 damage)
             ... on level 3 of the Dungeon.
             The game lasted 00:02:54 (1748 turns).

Mirai the Skirmisher (Demonspawn Fighter)           Turns: 1748, Time: 00:02:55

Health: -4/36      AC:  8    Str: 23    XL:     4   Next: 74%
Magic:  4/4        EV:  8    Int:  9    God:
Gold:   154        SH:  9    Dex: 12    Spells: 3/3 levels left

rFire    + . .     SeeInvis .   a - +0 war axe
rCold    + . .     Gourm    .   c - +0 shield
rNeg     . . .     Faith    .   b - +0 scale mail
rPois    .         Spirit   .   (no helmet)
rElec    .         Reflect  .   r - scarf {rC+ rF+}
rCorr    .         Harm     .   m - +0 pair of gloves
MR       .....                  (no boots)
Stlth    ..........             (no amulet)
HPRegen  0.12/turn              (no ring)
MPRegen  0.09/turn              (no ring)

@: mighty
A: hooves 2
a: no special abilities


You were on level 3 of the Dungeon.
You were not hungry.

You visited 1 branch of the dungeon, and saw 3 of its levels.

You collected 154 gold pieces.

Inventory:

Hand Weapons
 a - a +0 war axe (weapon)
 l - a cursed -1 mace
Armour
 b - a +0 scale mail (worn)
 c - a +0 shield (worn)
 m - a +0 pair of gloves (worn)
 r - a scarf of resistance (worn)
Scrolls
 e - 3 scrolls of identify {unknown}
 g - 2 scrolls of random uselessness {unknown}
 i - a scroll of teleportation {unknown}
 j - a scroll of remove curse {unknown}
 p - a scroll of blinking {unknown}
Potions
 d - a potion of might
 h - a potion of curing {unknown}
 k - 3 potions of heal wounds {unknown}
 n - a potion of lignification {unknown}
 o - a potion of brilliance {unknown}
 q - a potion of degeneration {unknown}
Comestibles
 f - 5 rations


   Skills:
 + Level 3.6 Fighting
 + Level 2.9 Axes
 + Level 3.4 Armour
 * Level 1.6 Dodging
 - Level 2.6 Shields


You had 3 spell levels left.
You didn't know any spells.

Dungeon Overview and Level Annotations

Branches:
Dungeon (3/15)

Altars:
Sif Muna
Xom

Annotations:
D:3 Scuka's ghost, amateur MfGl


Innate Abilities, Weirdness & Mutations

You have hoof-like feet.


Message History

Unknown command.
You slash Scuka's ghost!
Scuka's ghost is heavily damaged.
Your shield prevents you from hitting the frilled lizard.
Scuka's ghost hits you.
* * * LOW HITPOINT WARNING * * *
You block the frilled lizard's attack. Scuka's ghost hits you.
* * * LOW HITPOINT WARNING * * *
You hit Scuka's ghost. You kick Scuka's ghost.
Scuka's ghost is severely damaged.
You hit the frilled lizard.
You kill the frilled lizard!
Scuka's ghost barely misses you.
Unknown command.
You aren't carrying any items that you can evoke.
Unknown command.
You hit Scuka's ghost. Your kick misses Scuka's ghost.
Scuka's ghost is severely damaged.
Scuka's ghost hits you.
You die...

### #.#
#####.######
#..........#
#....<.....#
#..........#
#..........#
#..†.......#
#..@W......#
#............
#...........#
###########.#


You could see Scuka's ghost.

Vanquished Creatures
  Natasha (thrice) (D:2)
  An adder (D:2)
  A worm (D:3)
  2 dart slugs
  2 leopard geckos (D:2)
  3 bats
  2 giant cockroaches (D:2)
  2 goblins
  2 hobgoblins
  4 frilled lizards
  2 kobolds
  6 rats
30 creatures vanquished.

Notes
Turn   | Place    | Note
-------+----------+-------------------------------------------
     0 | D:1      | Mirai the Demonspawn Fighter began the quest for the Orb.
     0 | D:1      | Reached XP level 1. HP: 18/18 MP: 1/1
   334 | D:1      | Gained mutation: You have large cloven feet. [demonic ancestry]
   334 | D:1      | Reached XP level 2. HP: 24/24 MP: 2/2
   604 | D:2      | Noticed Natasha
   612 | D:2      | Killed Natasha
   612 | D:2      | Reached skill level 1 in Dodging
   612 | D:2      | Gained mutation: You have hoof-like feet. [demonic ancestry]
   612 | D:2      | Reached XP level 3. HP: 23/29 MP: 3/3
   843 | D:2      | Found a shimmering altar of Xom.
  1110 | D:2      | Found a faded altar of an unknown god.
  1249 | D:2      | Noticed Natasha
  1252 | D:2      | Killed Natasha
  1252 | D:2      | Reached XP level 4. HP: 28/35 MP: 4/4
  1473 | D:2      | Found a deep blue altar of Sif Muna.
  1681 | D:2      | Noticed Natasha
  1694 | D:2      | Killed Natasha
  1732 | D:3      | Noticed Scuka's ghost (amateur MfGl)
  1748 | D:3      | Slain by Scuka's ghost

Skill      XL: |  1  2 |
---------------+-------+-----
Axes           | 2 |  2.9
Armour         | 3 |  3.4
Dodging        | 1 |  1.6
Fighting       | |  3.6
Shields        | |  2.6

Action                   |  1- 3 |  4- 6 || total
-------------------------+-------+-------++-------
Melee: War axe           |    82 |    19 ||   101
       Kick              |    19 |     6 ||    25
  Use: Potion            |       |     1 ||     1
  Eat: Chunk             |     1 |       ||     1
       Ration            |       |     1 ||     1
Armor: Scale mail        |    42 |     6 ||    48
Dodge: Dodged            |    25 |    15 ||    40
Block: Shield            |    44 |    13 ||    57
